 Dungeon Crawl Stone Soup version 0.20-a0-850-ge5a7832 (webtiles) character file.

74 Alarkh the Skirmisher (level 4, 37/37 HPs)
             Began as a Demonspawn Monk on Mar 10, 2017.
             Quit the game on level 2 of the Dungeon.
             The game lasted 00:01:08 (1972 turns).

Alarkh the Skirmisher (Demonspawn Monk)             Turns: 1972, Time: 00:01:09

Health: 37/37      AC:  3    Str: 11    XL:     4   Next: 9%
Magic:  4/4        EV: 13    Int: 12    God:
Gold:   14         SH:  0    Dex: 16    Spells: 3/3 levels left

rFire    + . .     SeeInvis .   a - +0 hand axe
rCold    . . .     Gourm    .   b - +0 robe
rNeg     . . .     Faith    .   (no shield)
rPois    .         Spirit   .   (no helmet)
rElec    .         Reflect  .   (no cloak)
rCorr    .         Harm     .   j - +0 pair of gloves
MR       .....                  (no boots)
Stlth    ++........             (no amulet)
Regen    0.2/turn               (no ring)
MPRegen  0.1/turn               (no ring)

@: no status effects
A: fire resistance 1, powered by pain 1
a: no special abilities


You were on level 2 of the Dungeon.
You were not hungry.

You visited 1 branch of the dungeon, and saw 2 of its levels.

You collected 14 gold pieces.

Inventory:

Hand Weapons
 a - a +0 hand axe (weapon)
Armour
 b - a +0 robe (worn)
 j - a +0 pair of gloves (worn)
Scrolls
 e - a scroll of identify
 f - a scroll of immolation
 g - a scroll of teleportation {unknown}
 k - a scroll of fear {unknown}
 m - a scroll of enchant weapon {unknown}
Potions
 d - a potion of flight
Comestibles
 c - 2 bread rations
 h - a meat ration
 i - a royal jelly
 l - 8 chunks of flesh


   Skills:
 + Level 3.7 Fighting
 * Level 3.4 Axes
 + Level 1.1 Armour
 + Level 3.0 Dodging
 - Level 1.7 Stealth


You had 3 spell levels left.
You didn't know any spells.

Dungeon Overview and Level Annotations

Branches:
Dungeon (2/15)

Altars:


Innate Abilities, Weirdness & Mutations

Your flesh is heat resistant. (rF+)
You sometimes gain a little power by taking damage.


Message History

The adder is severely wounded.
The adder barely misses you. The adder closely misses you.
You hit the adder but do no damage.
The adder is severely wounded.
The adder misses you.
You barely miss the adder.
The adder is severely wounded.
The adder misses you.
You closely miss the adder.
The adder is severely wounded.
The adder closely misses you. The adder barely misses you.
You slash the adder!
You kill the adder!
You have reached level 4!
You feel agile.
Your demonic ancestry asserts itself...
You feel energised by your suffering.
There is a stone staircase leading up here.
You now have 14 gold pieces (gained 4).
m - a scroll labeled QOACUSCH WAOBRE Are you sure you want to abandon this character and quit the game? (Confirm with "yes".)

#####<.......
#.####### #.#
#.# #.# #.#
#.#######
#.......#
#@#####.# #.#
... .....
##...#. ..#
##.#### #.#
#.# #.# #..
#.# ##+## #.#


There were no monsters in sight!

Vanquished Creatures
  3 adders (D:2)
  An ooze (D:1)
  A dart slug (D:1)
  4 giant cockroaches
  6 goblins
  6 hobgoblins
  A jackal (D:1)
  5 bats
  A frilled lizard (D:1)
  8 kobolds
  5 rats
41 creatures vanquished.

Notes
Turn   | Place    | Note
-------+----------+-------------------------------------------
     0 | D:1      | Alarkh the Demonspawn Monk began the quest for the Orb.
     0 | D:1      | Reached XP level 1. HP: 18/18 MP: 1/1
   262 | D:1      | Gained mutation: Your flesh is heat resistant. (rF+) [demonic ancestry]
   262 | D:1      | Reached XP level 2. HP: 21/24 MP: 2/2
   853 | D:1      | Reached skill level 1 in Armour
   853 | D:1      | Reached XP level 3. HP: 26/29 MP: 3/3
  1912 | D:2      | Gained mutation: You sometimes gain a little power by taking damage. [demonic ancestry]
  1912 | D:2      | Reached XP level 4. HP: 31/37 MP: 4/4
  1972 | D:2      | Quit the game

Vault maps used:
D:1:      minmay_arrival_glassed_features, serial_forest,
          infiniplex_forest_lined_corner, infiniplex_forest_clump_small,
          infiniplex_forest_straight_3, infiniplex_forest_lined_2,
          infiniplex_forest_lined_3, infiniplex_forest_straight_2, st_stairs_3,
          serial_park_tiny_pond, minmay_pentomino_x4
D:2:      good_gods_temple_1, minmay_small_reverse_x

Skill      XL: |  1  2  3 |
---------------+----------+-----
Axes           | 3 |  3.4
Armour         | 1 |  1.1
Dodging        | 3 |  3.0
Fighting       | |  3.7
Stealth        | |  1.7

Action                   |  1- 3 |  4- 6 || total
-------------------------+-------+-------++-------
Melee: Hand axe          |   135 |       ||   135
  Use: Scroll            |     3 |       ||     3
       Potion            |     1 |       ||     1
 Stab: Sleeping          |     2 |       ||     2
  Eat: Chunk             |     3 |       ||     3
Armor: Robe              |    36 |       ||    36
Dodge: Dodged            |   114 |       ||   114
